 Dungeon Crawl Stone Soup version 0.23.1 (webtiles) character file.

Game seed: 10233412591219025446

2356 Oninnaise the Carver (level 9, -8/63 HPs)
             Began as a Demonspawn Wanderer on Mar 19, 2019.
             Mangled by a hornet (10 damage)
             ... while paralysed by a hornet
             ... on level 8 of the Dungeon.
             The game lasted 00:21:40 (6915 turns).

Oninnaise the Carver (Demonspawn Wanderer)          Turns: 6915, Time: 00:21:41

Health: -8/63      AC: 14    Str: 14    XL:     9   Next: 20%
Magic:  9/9        EV:  2    Int: 17    God:
Gold:   273        SH:  0    Dex: 13    Spells: 8/8 levels left

rFire    . . .     SeeInvis .   a - +2 falchion
rCold    . . .     Gourm    .   (no shield)
rNeg     . . .     Faith    .   e - +5 ring mail
rPois    .         Spirit   .   (no helmet)
rElec    .         Reflect  .   (no cloak)
rCorr    .         Harm     .   (no gloves)
MR       .....                  (no boots)
Stlth    +.........             (no amulet)
HPRegen  0.20/turn              (no ring)
MPRegen  0.11/turn              (no ring)

@: paralysed, lethally poisoned (-8 -> -22), lightly drained
A: talons 2, icy blue scales 2, clever 1, frail 1, foul stench 1, rot immunity
a: no special abilities


You were on level 8 of the Dungeon.
You were hungry.

You visited 1 branch of the dungeon, and saw 8 of its levels.

You collected 273 gold pieces.

Inventory:

Hand Weapons
 a - a +2 falchion (weapon)
 h - the +7 quarterstaff of Sitreit {flame, Str+6, unknown}
   (You found it on level 6 of the Dungeon)

   It has been specially enchanted to burn those struck by it, causing extra
   injury to most foes and up to half again as much damage against particularly
   susceptible opponents.
   It affects your strength (+6).
Missiles
 p - 16 sling bullets
Armour
 d - a +0 robe
 e - a +5 ring mail (worn)
Jewellery
 i - an uncursed ring of wizardry
 l - a +3 ring of intelligence
 t - an uncursed amulet of regeneration {unknown}
 u - a +5 ring of dexterity {unknown}
Wands
 m - a wand of disintegration (15)
 n - a wand of iceblast (7)
 r - a wand of acid (7)
Scrolls
 b - a scroll of teleportation
 k - 2 scrolls of enchant armour
 o - a scroll of amnesia
 s - a scroll of noise
 v - a scroll of remove curse
Potions
 c - a potion of brilliance
 g - a potion of agility
 j - a potion of berserk rage
 q - a potion of haste {unknown}
Comestibles
 f - 4 rations


   Skills:
 * Level 6.5(6.1) Fighting
 * Level 8.4(7.9) Long Blades
   Level 1.0(0.6) Axes
 - Level 1.0(0.6) Throwing
 * Level 5.0(4.6) Armour
 + Level 2.6(2.2) Dodging
 + Level 1.6(1.2) Stealth
   Level 1.0(0.6) Shields


You had 8 spell levels left.
You didn't know any spells.
Your spell library was empty.

Dungeon Overview and Level Annotations

Branches:
Dungeon (8/15)             Temple (0/1) D:4
   Lair: D:8-11

Altars:
Cheibriados
Dithmenos
Fedhas
Okawaru
Ru
Sif Muna

Annotations:
D:8 3 runed translucent doors


Innate Abilities, Weirdness & Mutations

You have razor-sharp toenails.
You are mostly covered in icy blue scales. (AC +3)
You may emit foul miasma when damaged in melee.
You are immune to rotting.
Your mind is acute. (Int +2)
You are frail. (-10% HP)


Message History

You closely miss the hornet. You claw the hornet, but do no damage.
You feel sick.
The hornet stings you but does no damage.
The hornet barely misses you.
You miss the hornet. Your kick misses the hornet.
You feel yourself speed up.
You feel sick. The hornet barely misses you. The hornet closely misses you.
You riposte.
You hit the hornet but do no damage. You hit the hornet.
Your kick misses the hornet.
The hornet is lightly wounded.
You feel sick. The hornet stings you!
* * * LOW HITPOINT WARNING * * *
You feel yourself slow down. The hornet stings you.
* * * LOW HITPOINT WARNING * * *
You are more poisoned.
You suddenly lose the ability to move!
You feel yourself speed up.
* * * LOW HITPOINT WARNING * * *
You feel sick. The hornet stings you!
You die...

...........#.#
.............#
####......#..##
####..........##
.(.##.........#.# ##
...##.........##.#.#
....##......>.#.#.#
....##........##y#.#
#....##.......##@###
#....##............#
..................##
.................##
.................#
.........#########
####...#)#
####...#.##
...##..)))#


You could see a hornet.

Vanquished Creatures
  Prince Ribbit (D:5)
  A hungry ghost (D:8)
  A phantom (D:8)
  5 ogres
  A centaur (D:6)
  A big kobold (D:4)
  2 bullfrogs
  A water moccasin skeleton (D:8)
  6 scorpions
  6 wights (D:8)
  3 crimson imps
  2 hounds
  2 orc priests (D:5)
  3 orc wizards
  An iguana (D:4)
  3 worker ants (D:8)
  A worker ant zombie (D:5)
  4 gnolls (D:8)
  10 adders
  A shadow imp (D:6)
  3 worms
  3 leopard geckos
  12 orcs
  6 ball pythons
  5 bats
  5 giant cockroaches
  4 goblins
  10 hobgoblins
  11 jackals
  5 quokkas
  4 frilled lizards
  2 jackal skeletons
  9 kobolds
  A leopard gecko skeleton (D:4)
  A quokka zombie (D:5)
  11 rats
147 creatures vanquished.

Notes
Turn   | Place    | Note
-------+----------+-------------------------------------------
     0 | D:1      | Oninnaise the Demonspawn Wanderer began the quest for the
                  | Orb.
     0 | D:1      | Oninnaise set off with the following items: a +2 falchion,
                  | a potion of lignification, a potion of curing, a +0 robe, a
                  | ration
     0 | D:1      | Reached XP level 1. HP: 19/19 MP: 1/1
   352 | D:1      | Reached skill level 2 in Long Blades
   352 | D:1      | Gained mutation: You are partially covered in icy blue
                  | scales. (AC +2) [demonic ancestry]
   352 | D:1      | Reached XP level 2. HP: 20/25 MP: 2/2
   365 | D:1      | Gained mutation: Your mind is acute. (Int +2) [potion of
                  | mutation]
   365 | D:1      | Gained mutation: You are clumsy. (Dex -2) [potion of
                  | mutation]
   365 | D:1      | Gained mutation: You are frail. (-10% HP) [potion of
                  | mutation]
   365 | D:1      | Lost mutation: You are clumsy. (Dex -2) [potion of
                  | mutation]
   777 | D:2      | Reached XP level 3. HP: 24/27 MP: 3/3
  1499 | D:2      | Found a snail-covered altar of Cheibriados.
  1511 | D:2      | Found an iron altar of Okawaru.
  1522 | D:2      | Found a blossoming altar of Fedhas.
  1641 | D:2      | Reached skill level 3 in Long Blades
  1818 | D:3      | Gained mutation: You are mostly covered in icy blue scales.
                  | (AC +3) [demonic ancestry]
  1818 | D:3      | Reached XP level 4. HP: 30/34 MP: 4/4
  1927 | D:3      | Reached skill level 1 in Armour
  2234 | D:3      | Found a deep blue altar of Sif Muna.
  2571 | D:4      | Noticed an ogre
  2582 | D:4      | Killed an ogre
  2582 | D:4      | Reached skill level 4 in Long Blades
  2582 | D:4      | Gained mutation: You have sharp toenails. [demonic
                  | ancestry]
  2582 | D:4      | Reached XP level 5. HP: 38/38 MP: 5/5
  2603 | D:4      | Gained mutation: You are immune to rotting. [demonic
                  | ancestry]
  2603 | D:4      | Reached XP level 6. HP: 44/44 MP: 6/6
  2665 | D:4      | Reached skill level 1 in Dodging
  2846 | D:4      | Reached skill level 5 in Long Blades
  2969 | D:4      | Found a staircase to the Ecumenical Temple.
  3133 | D:5      | Entered Level 5 of the Dungeon
  3194 | D:5      | Noticed Prince Ribbit
  3238 | D:5      | Killed Prince Ribbit
  3238 | D:5      | Reached skill level 5 in Fighting
  3238 | D:5      | Reached XP level 7. HP: 29/50 MP: 7/7
  3694 | D:5      | Reached skill level 6 in Long Blades
  4187 | D:5      | Found a sacrificial altar of Ru.
  4188 | D:5      | Found a shadowy altar of Dithmenos.
  4447 | D:6      | Got a faintly glowing quarterstaff
  4516 | D:6      | Gained mutation: You may emit foul miasma when damaged in
                  | melee. [demonic ancestry]
  4516 | D:6      | Reached XP level 8. HP: 55/55 MP: 8/8
  5106 | D:6      | Reached skill level 7 in Long Blades
  5771 | D:6      | You fall through a shaft for 2 floors!
  6168 | D:8      | Found a runed translucent gate.
  6168 | D:8      | Found a runed translucent gate.
  6169 | D:8      | Found a runed translucent gate.
  6248 | D:8      | Reached skill level 8 in Long Blades
  6373 | D:8      | Gained mutation: You have razor-sharp toenails. [demonic
                  | ancestry]
  6373 | D:8      | Reached XP level 9. HP: 62/62 MP: 9/9
  6598 | D:8      | Reached skill level 5 in Armour
  6908 | D:8      | Paralysed by a hornet for 1 turns
  6914 | D:8      | Paralysed by a hornet for 3 turns
  6915 | D:8      | HP: 2/63 [poisoned by a hornet]
  6915 | D:8      | Mangled by a hornet

Skill      XL: |  1  2  3  4  5  6  7  8  9 |
---------------+----------------------------+-----
Long Blades    | 2 3 4 5 6 8 |  8.4
Armour         | 1 3 4 5 |  5.0
Dodging        | 1 2 |  2.6
Fighting       | 5 6 |  6.5
Axes           | |  1.0
Throwing       | |  1.0
Stealth        | |  1.6
Shields        | |  1.0

Action                   |  1- 3 |  4- 6 |  7- 9 || total
-------------------------+-------+-------+-------++-------
Melee: Falchion          |   123 |   178 |   335 ||   636
       Kick              |       |    34 |   103 ||   137
  Use: Potion            |     6 |     6 |     3 ||    15
       Scroll            |     5 |     7 |     6 ||    18
 Stab: Sleeping          |     1 |       |       ||     1
  Eat: Ration            |     1 |     2 |     4 ||     7
Armor: Robe              |     8 |       |       ||     8
       Ring mail         |    55 |   114 |   138 ||   307
Dodge: Dodged            |    74 |   138 |   182 ||   394
       Rpst.: Falchion   |    25 |    41 |    64 ||   130
